Map: Triton LE

Players

ElBronzero - Winner!

  • Race: Protoss Protoss
  • League: Diamond
  • Spawn Location: 5:00

MooEsqoo

  • Race: Protoss Protoss
  • Spawn Location: 11:00

VOD

Have the link to the VOD?

Description

Time

  • Played on: Nov. 15, 2019, 10:24 p.m.
  • Length: 8:08
Show
View Real Time Build Order
Export as new Build Order

ElBronzero Protoss - Winner!

Build Orders: 1 Gate Expand 

Get SALT Encoding   

  12  0:00  Probe  
  13  0:13  Probe  
  14  0:23  Pylon  
  14  0:25  Probe (Chrono Boost)  
  15  0:41  Gateway  
  16  0:43  Probe (Chrono Boost)  
  16  0:47  Probe (Chrono Boost)  
  16  0:49  Assimilator  
  17  0:57  Probe  
  18  1:09  Probe  
  19  1:21  Probe  
  20  1:28  Nexus  
  20  1:34  Cybernetics Core  
  20  1:37  Probe  
  21  1:43  Assimilator  
  21  1:49  Probe  
  22  1:54  Pylon  
  22  2:01  Probe  
  23  2:10  Stalker (Chrono Boost)  
  23  2:15  Warp Gate  
  25  2:18  Probe  
  26  2:26  Twilight Council  
  26  2:30  Gateway  
  26  2:31  Probe  
  27  2:43  Probe (Chrono Boost)  
  29  2:44  Probe (Chrono Boost)  
  29  2:52  Robotics Facility  
  29  2:53  Probe (Chrono Boost)  
  29  2:54  Probe (Chrono Boost)  
  31  3:00  Probe  
  31  3:02  Probe, Charge (Chrono Boost)  
  33  3:12  Probe  
  34  3:14  Probe  
  35  3:20  Gateway  
  35  3:24  Probe  
  35  3:26  Probe  
  37  3:32  Pylon  
  37  3:36  Probe  
  37  3:38  Probe  
  37  3:39  Observer (Chrono Boost)  
  40  3:48  Probe  
  40  3:50  Probe  
  42  3:58  Immortal (Chrono Boost)  
  42  3:59  Pylon  
  42  4:00  Probe  
  47  4:03  Probe  
  47  4:06  Zealot  
  47  4:07  Zealot  
  52  4:15  Nexus  
  52  4:20  Probe x2  
  54  4:24  Pylon, Sentry  
  56  4:32  Immortal  
  56  4:37  Zealot  
  62  4:46  Pylon, Zealot  
  62  4:49  Pylon, Zealot  
  62  4:51  Probe x2  
  68  5:03  Probe x2, Gateway  
  68  5:05  Gateway  
  70  5:11  Gateway  
  70  5:15  Probe x2  
  70  5:16  Sentry x2  
  70  5:18  Sentry  
  78  5:28  Gateway x2  
  78  5:34  Probe x3 (Chrono Boost)  
  84  5:43  Pylon, Probe x3 (Chrono Boost), Zealot x2  
  84  5:46  Zealot  
  88  6:09  Observer, Nexus  
  88  6:11  Pylon, Zealot x5  
  95  6:13  Pylon  
  95  6:14  Zealot  
  101  6:20  Pylon  
  101  6:22  Pylon  
  101  6:28  Probe  
  101  6:29  Probe  
  101  6:30  Immortal  
  107  6:34  Forge  
  107  6:36  Forge  
  107  6:40  Zealot  
  107  6:41  Zealot x2  
  107  6:43  Sentry x2  
  117  6:49  Zealot x3  
  123  6:56  Probe x2  
  123  6:58  Probe  
  126  7:05  Zealot  
  126  7:06  Zealot x3  
  126  7:08  Probe, Zealot  
  136  7:09  Probe  
  136  7:10  Probe, Zealot  
  136  7:14  Pylon x2  
  141  7:21  Zealot x2  
  139  7:37  Zealot x5  
  139  7:38  Zealot  
  139  7:41  Probe  
  139  7:42  Probe x3  
  159  7:52  Zealot x2  
  159  7:53  Probe  
  159  7:54  Probe  
  165  8:01  Gateway  
  165  8:02  Gateway x2  
Show
View Real Time Build Order
Export as new Build Order

MooEsqoo Protoss 

Build Orders: 1 Gate Expand 

Get SALT Encoding   

  12  0:07  Probe  
  13  0:23  Probe  
  13  0:27  Pylon  
  14  0:29  Assimilator  
  14  0:45  Gateway  
  14  0:48  Probe  
  15  1:02  Probe  
  16  1:23  Probe, Nexus  
  17  1:41  Zealot (Chrono Boost)  
  19  1:51  Cybernetics Core  
  19  1:57  Pylon  
  19  2:00  Probe  
  20  2:10  Assimilator  
  20  2:19  Probe  
  21  2:25  Stalker (Chrono Boost)  
  23  2:31  Probe  
  23  2:34  Robotics Facility  
  23  2:46  Gateway  
  23  2:51  Probe  
  24  2:53  Probe  
  25  3:03  Stalker, Probe  
  28  3:06  Probe  
  29  3:15  Probe  
  29  3:18  Probe  
  31  3:21  Warp Gate (Chrono Boost)  
  31  3:27  Probe  
  31  3:30  Probe  
  33  3:36  Gateway  
  33  3:39  Probe  
  34  3:42  Probe  
  34  3:45  Stalker (Chrono Boost)  
  34  3:47  Stalker (Chrono Boost)  
  39  3:58  Probe x2  
  41  4:10  Probe x2  
  41  4:12  Assimilator  
  43  4:20  Stalker  
  45  4:26  Pylon  
  45  4:29  Pylon  
  45  4:33  Probe  
  46  4:44  Stalker x2, Probe  
  52  4:45  Probe  
  52  4:48  Warp Prism (Chrono Boost)  
  54  4:56  Probe  
  54  4:58  Probe  
  56  5:07  Forge  
  56  5:08  Probe  
  56  5:10  Probe  
  58  5:20  Stalker, Probe  
  61  5:22  Probe  
  62  5:34  Pylon  
  62  5:35  Pylon  
  62  5:38  Pylon  
  62  5:43  Gateway  
  62  5:44  Gateway  
  56  6:04  Stalker x3  
  62  6:27  Immortal (Chrono Boost)  
  66  6:39  Pylon  
  66  6:41  Pylon  
  66  6:43  Stalker x3  
  72  6:48  Sentry x2  
  74  7:09  Stalker x3  
  80  7:21  Gateway  
  80  7:23  Gateway  
  80  7:27  Gateway  
  46  8:01  Stalker  
  46  8:02  Stalker x4  
Tags
 
Add a new tag
Caveats
  • Supply blocks, unpowered buildings, or Contaminate may cause inaccurate times.
  • Supply counts are checked every 10 seconds.